 Dungeon Crawl Stone Soup version 0.28.0-49-g6dfe1f597d (webtiles) character file.

Game seed: 16886317820799646839

2270 Zeld the Changer (level 9, -3/54 HPs)
             Began as an Octopode Transmuter on May 15, 2022.
             Was an Initiate of Ashenzari.
             Shot with an arrow by a centaur (9 damage)
             ... on level 7 of the Dungeon.
             The game lasted 00:10:13 (12223 turns).

Zeld the Changer (Octopode Transmuter)             Turns: 12223, Time: 00:10:14

Health: -3/54      AC:  1    Str: 13    XL:     9   Next: 38%
Magic:  19/19      EV: 12    Int: 16    God:    Ashenzari [......]
Gold:   512        SH:  8    Dex: 12    Spells: 11/21 levels left

rFire   . . .      SeeInvis .     - Unarmed
rCold   . . .      Faith    .   p - +0 buckler of the Cursed Gnosis {Melee, Elem} (curse)
rNeg    + . .      Spirit   .   (helmet restricted)
rPois   .          Reflect  +   s - amulet of reflection
rElec   .          Harm     .   u - ring of positive energy
rCorr   .          Rampage  .   (no ring)
Will    .....                   (no ring)
Stlth   ++++......              (no ring)
HPRegen 0.18/turn               (no ring)
MPRegen 0.16/turn               (no ring)
                                (no ring)
                                (no ring)

@: no status effects
A: almost no armour, amphibious, 8 rings, camouflage 1, gelatinous body 1,
(nimble swimmer 1), tentacles
a: Renounce Religion, Curse Item, Shatter the Chains


You were on level 7 of the Dungeon.
You worshipped Ashenzari.
Ashenzari was noncommittal.
You visited 1 branch of the dungeon, and saw 7 of its levels.

You collected 512 gold pieces.

Inventory:

Armour
 p - the cursed +0 buckler of the Cursed Gnosis (worn) {Melee, Elem}
   (You found it on level 4 of the Dungeon)

   It has a curse which improves the following skills: Melee Combat: Short
   Blades, Long Blades, Axes, Maces & Flails, Polearms, Staves and Unarmed
   Combat.
   Elements:  Fire Magic, Ice Magic, Air Magic and Earth Magic.
Jewellery
 s - an amulet of reflection (around mantle)
 u - a ring of positive energy (left tentacle)
Wands
 r - a wand of mindburst (4)
Scrolls
 a - 2 scrolls of amnesia {unknown}
 b - a scroll of summoning {unknown}
 c - a scroll of magic mapping {unknown}
 e - 2 scrolls of identify {unknown}
 f - 2 scrolls of torment {unknown}
 k - a scroll of brand weapon {unknown}
 m - 2 scrolls of teleportation {unknown}
 o - 2 scrolls of vulnerability {unknown}
 v - a scroll of immolation {unknown}
 w - a scroll of noise {unknown}
 y - a scroll of enchant weapon {unknown}
Potions
 d - 4 potions of heal wounds {unknown}
 g - a potion of curing {unknown}
 h - a potion of degeneration {unknown}
 i - a potion of berserk rage {unknown}
 j - a potion of attraction {unknown}
 l - a potion of mutation {unknown}
 n - 2 potions of brilliance {unknown}
 q - 2 potions of haste {unknown}
 t - a potion of invisibility {unknown}
 x - 2 potions of cancellation {unknown}


   Skills:
 * Level 2.1 Fighting
 - Level 2.0 Dodging
 + Level 6.7 Stealth
 + Level 3.3(3.7) Unarmed Combat
 * Level 6.7 Spellcasting
 * Level 7.2 Transmutations
 - Level 3.0(3.3) Ice Magic
 + Level 3.4 Poison Magic


You had 11 spell levels left.
You knew the following spells:

 Your Spells              Type           Power      Damage    Failure   Level
a - Beastly Appendage     Tmut           56%        N/A       1%          1
b - Wereblood             Tmut           28%        N/A       1%          2
c - Spider Form           Tmut/Pois      22%        N/A       6%          3
d - Ice Form              Ice/Tmut       22%        N/A       19%         4

Your spell library contained the following spells:

 Spells                   Type           Power      Damage    Failure   Level
 Scorch                   Fire           10%        2d6       26%         2
 Static Discharge         Conj/Air       5%         N/A       26%         2
 Tukima's Dance           Hex            5%         N/A       45%         3
 Anguish                  Hex/Necr       2%         N/A       86%         4
 Flame Wave               Conj/Fire      5%         2d5       86%         4
 Lightning Bolt           Conj/Air       2%         1d14      99%         5
 Summon Cactus Giant      Summ           2%         N/A       100%        6
 Enfeeble                 Hex            2%         N/A       100%        7
 Maxwell's Capacitive Co  Air            2%         ∞         100%        8


Dungeon Overview and Level Annotations

Branches:
Dungeon (7/15)
 Temple: D:4-7

Altars:
Ashenzari
Hepliaklqana

Shops:
D:6 :

Annotations:
D:2 1 runed translucent door, Crazy Yiuf


Innate Abilities, Weirdness & Mutations

You cannot wear most types of armour.
You are amphibious.
You can wear up to eight rings at the same time.
Your skin changes colour to match your surroundings (Stealth+).
Your rubbery body absorbs attacks. (AC +1, EV +1)
((You are camouflaged when in or above water. (Stealth+)))
You have tentacles for arms and can constrict up to eight enemies at once.


Message History

You add the spells Scorch, Flame Wave and Summon Cactus Giant to your library.
You open the door.
There is an open door here.
w - a scroll labelled BIECHA KETEOR
x - 2 purple potions
d - 4 sedimented coppery potions (gained 1)
You now have 512 gold pieces (gained 5).
You open the door.
There is an open door here.
You open the door.
There is an open door here.
y - a scroll labelled DEICVI RIFIS As you open the door, it creaks loudly!
There is an open door here.
As you open the door, it creaks loudly!
The centaur shouts!
The centaur wields a +0 shortbow.
The centaur shoots an arrow.
The arrow hits you.
There are monsters nearby!
You close the door.
Something unseen opens the door.
The centaur shoots an arrow.
The arrow hits you!
The centaur shoots an arrow.
The arrow misses you.
The centaur shoots an arrow.
You reflect the arrow off an invisible shield around you!
The arrow barely misses the centaur.
There is an open door here.
The centaur shoots an arrow.
The arrow hits you!
You open the door.
The centaur shoots an arrow.
The arrow hits you.
The centaur shoots an arrow.
The arrow hits you!
The centaur shoots an arrow.
The arrow barely misses you.
There is an open door, spattered with blood here.
The centaur shoots an arrow.
The arrow hits you.
* * * LOW HITPOINT WARNING * * *
There is an open door here.
The centaur shoots an arrow.
The arrow barely misses you.
The centaur shoots an arrow.
The arrow hits you!
* * * LOW HITPOINT WARNING * * *
The centaur shoots an arrow.
The arrow barely misses you.
The centaur shoots an arrow.
The arrow hits you!
You die...

..>#########'###.#.# #......##.
#.......# #...#...# #......#
##'####.######.#.### #......#
......#..........##########.###
......##.#####.#.......# #.(.#
.......c..c.##..<......####.#^#
.......####.#####.#.......#.#.#
........# #c#...#+#<....#.#.# #
......#####.....@.#####.#.#.#
#...#'#.#...........#.#'#...#
#####c..##.........##...###.#
..#..O...O.........+......#.#
..#......##.......##......#.#
..#.......#.......#.......#.#
..'.......####+####.......'.#
..#.......#.......#.......#.#
..#......##.......##......#.#


You could see a two-headed ogre and a centaur.

Vanquished Creatures
  Grinder (D:5)
  Menkaure (D:4)
  An orc warrior (D:6)
  A sky beast (D:5)
  A necrophage (D:3)
  3 ogres
  A phantom (D:5)
  A centaur (D:6)
  2 kobold brigands (D:4)
  A bullfrog (D:6)
  A scorpion (D:6)
  3 howler monkeys
  3 hounds
  A centaur zombie (D:5)
  2 bullfrog skeletons
  4 orc priests
  A centaur skeleton (D:6)
  A gnoll shaman (D:7)
  Natasha (thrice) (D:2)
  An iguana (D:4)
  An orc wizard (D:6)
  A hound skeleton (D:4)
  Robin (D:3)
  14 gnolls
  A howler monkey skeleton (D:5)
  7 adders
  A shadow imp (D:6)
  An adder zombie (D:5)
  A worm (D:2)
  4 dart slugs
  14 orcs
  6 ball pythons
  5 bats
  11 endoplasms
  3 giant cockroaches
  15 goblins
  16 hobgoblins
  5 jackals
  5 quokkas
  4 frilled lizards
  40 kobolds
  6 rats
195 creatures vanquished.

Vanquished Creatures (others)
  13 fungi (D:6)
  3 toadstools (D:7)
16 creatures vanquished.

Grand Total: 211 creatures vanquished

Notes
Turn   | Place    | Note
-------+----------+-------------------------------------------
     0 | D:1      | Zeld the Octopode Transmuter began the quest for the Orb.
     0 | D:1      | Reached XP level 1. HP: 13/13 MP: 3/3
   300 | D:1      | Reached XP level 2. HP: 11/18 MP: 3/5
   722 | D:1      | Learned a level 2 spell: Wereblood
   874 | D:1      | Reached skill level 1 in Stealth
   874 | D:1      | Reached skill level 1 in Poison Magic
   982 | D:1      | Reached XP level 3. HP: 23/23 MP: 4/6
   986 | D:1      | Learned a level 3 spell: Spider Form
  1471 | D:2      | Found a faded altar of an unknown god.
  1973 | D:2      | Reached skill level 1 in Ice Magic
  2303 | D:2      | Reached XP level 4. HP: 11/28 MP: 7/7
  2310 | D:2      | Noticed an ogre
  2598 | D:2      | Killed an ogre
  2599 | D:2      | Reached skill level 3 in Transmutations
  2599 | D:2      | Reached XP level 5. HP: 33/33 MP: 1/9
  2604 | D:2      | Learned a level 4 spell: Ice Form
  2798 | D:2      | Noticed Natasha
  2806 | D:2      | Killed Natasha
  3096 | D:2      | Reached XP level 6. HP: 13/38 MP: 3/11
  3326 | D:2      | Found a runed translucent door.
  3327 | D:2      | Noticed Crazy Yiuf
  3344 | D:2      | Noticed Natasha
  3360 | D:2      | Killed Natasha
  3377 | D:2      | Noticed Natasha
  3384 | D:2      | Killed Natasha
  3738 | D:3      | Found a hazy altar of Hepliaklqana.
  4110 | D:3      | Noticed Robin
  4147 | D:3      | Killed Robin
  4307 | D:3      | Noticed a necrophage
  4337 | D:3      | Killed a necrophage
  4338 | D:3      | Reached skill level 4 in Transmutations
  4386 | D:3      | Reached XP level 7. HP: 43/43 MP: 10/12
  5238 | D:4      | Noticed Menkaure
  6829 | D:4      | Reached skill level 5 in Transmutations
  7454 | D:4      | Reached XP level 8. HP: 34/48 MP: 11/15
  7652 | D:5      | Entered Level 5 of the Dungeon
  7751 | D:4      | Killed Menkaure
  7752 | D:4      | Reached skill level 5 in Spellcasting
  7960 | D:5      | Found a broken altar of Ashenzari.
  7963 | D:5      | Became a worshipper of Ashenzari the Shackled
  8091 | D:5      | Reached skill level 5 in Stealth
  8450 | D:5      | Noticed Grinder
  8471 | D:5      | Killed Grinder
  8472 | D:5      | Reached skill level 6 in Transmutations
  9255 | D:6      | Reached XP level 9. HP: 25/53 MP: 15/18
  9533 | D:6      | Reached skill level 7 in Transmutations
  9734 | D:7      | Noticed a two-headed ogre
  9989 | D:6      | Identified the cursed +0 buckler of the Cursed Gnosis
                  | {Melee, Elem} (You found it on level 4 of the Dungeon)
 10208 | D:6      | Found Kehof's Self-Improvement Boutique.
 12223 | D:7      | Shot with an arrow by a centaur

Illustrated notes

Levels and vault maps discovered:
D:1:      tarquinn_simple_flora_water_c, layout_basic
D:2:      cheibrodos_pilgrimage, layout_loops_corners,
          hellmonk_ecumenical_altar_arch_garden, uniq_crazy_yiuf_cottage,
          uniq_natasha
D:3:      layout_loops_ring, mainiacjoe_overflow_paths,
          chequers_serial_rivers_large_a, minmay_misc_feat_chi, uniq_robin
D:4:      minmay_goblin_kobold_castle, layout_cave_pools, uniq_menkaure
D:5:      layout_basic, ashenzari_altar_1, uniq_grinder
D:6:      layout_basic, serial_aquarium, aquarium_bridge_straight
          [aquarium_subvault_bridge, aquarium_subvault_wall,
          aquarium_subvault_bridge, aquarium_subvault_wall],
          aquarium_window_double, aquarium_window_1, aquarium_view_2a,
          aquarium_view_4, aquarium_balcony_double_4, aquarium_pool_corner,
          nicolae_shop_self_help
D:7:      nicolae_cairo_tiling_very_big, layout_basic, minmay_temple_entry_tees,
          minmay_gold_behind_fungi, minmay_a_box_with_orc_wizards_in_it

Skill      XL: |  1  2  3  4  5  6  7  8  9 |
---------------+----------------------------+-----
Stealth        | 1 2 3 4 6 |  6.7
Poison Magic   | 1 2 3 |  3.4
Ice Magic      | 1 2 3 |  3.0
Spellcasting   | 3 4 6 |  6.7
Transmutations | 3 4 5 6 7 |  7.2
Fighting       | 2 |  2.1
Dodging        | |  2.0
Unarmed Combat | |  3.3

Action                   |  1- 3 |  4- 6 |  7- 9 || total
-------------------------+-------+-------+-------++-------
Melee: Unarmed           |    65 |   101 |   375 ||   541
       Constrict         |    16 |    28 |    22 ||    66
       Tentacles         |    13 |    12 |    29 ||    54
       Kick              |    14 |    29 |    17 ||    60
       Punch             |     2 |     4 |     3 ||     9
 Cast: Beastly Appendage |    19 |    20 |    20 ||    59
       Spider Form       |       |     2 |    35 ||    37
       Wereblood         |       |     1 |       ||     1
       Ice Form          |       |       |     3 ||     3
Invok: Curse Item        |       |       |     1 ||     1
 Abil: End Transformatio |       |       |     1 ||     1
 Stab: Sleeping          |     9 |     3 |     4 ||    16
       Distracted        |       |     1 |       ||     1
Armor: Skin              |     1 |     3 |    48 ||    52
Dodge: Dodged            |    38 |    69 |   351 ||   458
Block: Buckler           |       |       |     7 ||     7
       Other             |       |       |     6 ||     6
       Reflection        |       |       |     1 ||     1
